Gurps, lawful female human Valkyrie -.------------- |...........@Z| ------ |...........%Z.# |....| |.............|% |....| |.............|# |....| |.........<...|# |.....####### -----.---------# ----.- # # # # # ### # # -----------|---- -|--- |..............| |....###### |..............| |...| # |..............| |...| ##...............| |...| ---------------- ----- Gurps the Fighter Experience level: 6 Strength: 17 Dexterity: 13 Constitution: 18 Intelligence: 9 Wisdom: 12 Charisma: 8 Health: 0(58) Energy: 13(13) Def: 8 Gold: 835 Moves: 4306 Dungeon seed: nfvNCM0gtJ5W6_h2 Game ID: Gurps_1521881735 Your Inventory: Coins $ - 835 gold pieces Weapons a - the blessed rustproof +1 Excalibur (weapon in hand) b - a +0 dagger w - a +0 arrow I - a +0 lance Armor n - an uncursed +0 splint mail (being worn) r - an uncursed +0 orcish helm (being worn) Y - a blessed +1 dwarvish cloak (being worn) Comestibles S - an uncursed partly eaten dwarf lord corpse Scrolls t - an uncursed scroll of light E - an uncursed scroll of taming Potions k - an uncursed potion of hallucination m - an uncursed potion of paralysis u - an uncursed potion of blindness J - an uncursed potion of object detection M - an uncursed potion of healing O - an uncursed potion of monster detection Rings P - an uncursed ring of levitation Tools z - an uncursed skeleton key Gems q - an uncursed worthless piece of red glass y - an uncursed jasper stone N - 2 uncursed worthless pieces of blue glass Spells and supernatural/magical abilities: Name Level Category Fail Memory W - pray for help -- divine ? -- Your skills at the end: Fighting Skills Weapon Skills dagger [Basic] long sword [Basic] Spellcasting Skills Final Attributes: You were piously aligned. You were cold resistant. You were level-drain resistant. You had automatic searching. You were stealthy. You are dead. Vanquished creatures: 2 small mimics 2 giant beetles a dingo a dwarf lord a water nymph a rock piercer a rock mole a shrieker 2 violet fungi a little dog 2 kobold lords 4 hill orcs a rabid rat 3 giant bats 3 orc zombies 2 iguanas 3 killer bees an acid blob 3 coyotes 2 gas spores a hobbit a hobgoblin a giant rat a yellow mold 5 garter snakes a gnome zombie 6 geckos 2 jackals 2 foxes a goblin 3 sewer rats 5 grid bugs 13 lichens 6 newts 85 creatures vanquished. Voluntary challenges: You had been an atheist until turn 3896. You used a wielded weapon 124 times, starting on turn 77. You were illiterate. You never genocided any monsters. You never polymorphed an object. You never changed form. You used no wishes. You never split a pudding. You never wrote Elbereth's name. You violated your moral code, losing 35 points of alignment, starting on turn 2857. Dungeon overview: The Dungeons of Doom: levels 1 to 7 Level 1 an altar to Tyr a long staircase Level 2 Level 3 Level 4 a general store, some fountains Level 5 some fountains Level 6 a weapon shop Level 7 <- You were here History has recorded: On T:1 you entered the Dungeons of Doom to retrieve the Amulet of Yendor! On T:172 you reached level 2 of The Dungeons of Doom. On T:430 you advanced to experience level 2. On T:1055 you advanced to experience level 3. On T:1357 you reached level 3 of The Dungeons of Doom. On T:1794 you advanced to experience level 4. On T:1855 you reached level 4 of The Dungeons of Doom. On T:2479 you advanced to experience level 5. On T:2658 you reached level 5 of The Dungeons of Doom. On T:3137 you advanced to experience level 6. On T:3228 you reached level 6 of The Dungeons of Doom. On T:3621 you reached level 7 of The Dungeons of Doom. Score breakdown: Gold: 835 ( 9940 points) Experience: 6 levels (12456 points) Exploration: 7 levels ( 14.29%) (10606 points) Discoveries: 4 items ( 1.63%) ( 3825 points) Valuables value: (no points given unless you survive) Artifact value: 4000 (12253 points) Variety of kills: 34 monsters ( 8.92%) ( 8961 points) Turncount: 4306 turns (-1133 points) Survival: died (score multiplied by 80%) Total score: 45526 Latest messages: The orc zombie hits! You destroy the orc zombie! The orc zombie hits! You destroy the orc zombie! You hit the giant beetle! The giant beetle bites! You kill the giant beetle! You see here a giant beetle corpse. (2x) There are a few objects here. S - a dwarf lord corpse. You rebalance your load. Movement is difficult. This dwarf lord corpse tastes terrible! You stop eating. The newt bites! You miss the newt. The newt bites! The orc zombie hits! You kill the newt! The orc zombie hits! You die... Final status: Farvel Gurps the Valkyrie, killed by an orc zombie... You died in The Dungeons of Doom on dungeon level 7 with 45526 points, and 835 pieces of gold, after 4306 moves. You were level 6 with a maximum of 58 hit points when you died.